BSA
SO CAL HENVY @ IRVINE GANG GREEN
07/15/2027
 
TOP OF THE 1ST
So Cal Henvy batting - Pitching for Irvine Gang Green : RHP Jung Chwa
Pitching: RHP Jung Chwa
Batting: RHB Greg Handrahan 0-0: Called Strike
0-1: Ball
1-1: Swinging Strike
1-2: Strikes out swinging
Batting: SHB Miguel González 0-0: Ball
1-0: Ball
2-0: Ball
3-0: Called Strike
3-1: Ground out 1-3 (Groundball, 13S)
Batting: LHB César Valentín 0-0: Ball
1-0: Ball
2-0: Ball
3-0: Fly out, F6 (Popup, 6)
Top of the 1st over - 0 run(s), 0 hit(s), 0 error(s), 0 left on base; So Cal 0 - Irvine 0
BOTTOM OF THE 1ST
Irvine Gang Green batting - Pitching for So Cal Henvy : RHP Marty Burgess
Pitching: RHP Marty Burgess
Batting: LHB Jesús Campos 0-0: Called Strike
0-1: Ball
1-1: Swinging Strike
1-2: Ground out U3 (Groundball, 3S)
Batting: RHB Tyler Wagner 0-0: Ball
1-0: Foul Ball, location: 2F
1-1: Foul Ball, location: 2F
1-2: Foul Ball, location: 2F
1-2: Foul Ball, location: 2F
1-2: Strikes out looking
Batting: LHB Jorge Martínez 0-0: Ball
1-0: Ball
2-0: Foul Ball, location: 2F
2-1: Ground out 4-3 (Groundball, 4)
Bottom of the 1st over - 0 run(s), 0 hit(s), 0 error(s), 0 left on base; So Cal 0 - Irvine 0
TOP OF THE 2ND
So Cal Henvy batting - Pitching for Irvine Gang Green : RHP Jung Chwa
Batting: RHB Earl Wiggins 0-0: Ball
1-0: Called Strike
1-1: Fly out, F9 (Flyball, 9S)
Batting: LHB José Antonio Santiago 0-0: Ball
1-0: Fly out, F4 (Popup, 4S)
Batting: RHB Rubén Calderón 0-0: Ball
1-0: Swinging Strike
1-1: Swinging Strike
1-2: Ball
2-2: Strikes out swinging
Top of the 2nd over - 0 run(s), 0 hit(s), 0 error(s), 0 left on base; So Cal 0 - Irvine 0
BOTTOM OF THE 2ND
Irvine Gang Green batting - Pitching for So Cal Henvy : RHP Marty Burgess
Batting: RHB Buck Jones 0-0: Ball
1-0: Called Strike
1-1: Ball
2-1: Ball
3-1: Foul Ball, location: 2F
3-2: Base on Balls
Batting: RHB José Salazar 0-0: Foul Ball, location: 2F
0-1: Swinging Strike
0-2: Ball
1-2: Ball
2-2: Ball
Buck Jones steals 2nd base
3-2: Base on Balls
Batting: RHB Tom Doherty 0-0: Called Strike
0-1: Ball
1-1: Ball
2-1: Foul Ball, location: 2F
2-2: Strikes out swinging
Batting: LHB Bill Murphy 0-0: Foul Ball, location: 2F
0-1: Ball
1-1: Fly out, F7 (Flyball, 78S)
Batting: LHB Víctor Quiñones 0-0: Called Strike
0-1: Ball
1-1: Ball
2-1: Ball
3-1: Base on Balls
Buck Jones to third
José Salazar to second
Batting: LHB José Sánchez 0-0: Called Strike
0-1: Ball
1-1: SINGLE (Line Drive, 8LS)
Buck Jones scores
José Salazar to third
Víctor Quiñones to second
Batting: LHB Jesús Campos 0-0: Called Strike
0-1: Foul Ball, location: 2F
0-2: Strikes out swinging
Bottom of the 2nd over - 1 run(s), 1 hit(s), 0 error(s), 3 left on base; So Cal 0 - Irvine 1
TOP OF THE 3RD
So Cal Henvy batting - Pitching for Irvine Gang Green : RHP Jung Chwa
Batting: LHB Jeff Carter 0-0: Foul Ball, location: 2F
0-1: Fly out, F9 (Flyball, 89M)
Batting: RHB Morgan Gibbon 0-0: Called Strike
0-1: Foul Ball, location: 2F
0-2: Ball
1-2: Strikes out swinging
Batting: LHB Clinton Clark 0-0: Called Strike
0-1: Called Strike
0-2: Ball
1-2: Ball
2-2: Foul Ball, location: 2F
2-2: Foul Ball, location: 2F
2-2: SOLO HOME RUN (Flyball, 78XD), Distance : 438 ft
Batting: RHB Greg Handrahan 0-0: Ground out 4-3 (Groundball, 4)
Top of the 3rd over - 1 run(s), 1 hit(s), 0 error(s), 0 left on base; So Cal 1 - Irvine 1
BOTTOM OF THE 3RD
Irvine Gang Green batting - Pitching for So Cal Henvy : RHP Marty Burgess
Batting: RHB Tyler Wagner 0-0: Called Strike
0-1: Ground out 6-3 (Groundball, 56)
Batting: LHB Jorge Martínez 0-0: Ball
1-0: Foul Ball, location: 2F
1-1: Ball
2-1: Foul Ball, location: 2F
2-2: Ball
3-2: Ground out 3-1 (Groundball, 34)
Batting: RHB Buck Jones 0-0: Ball
1-0: Ball
2-0: Called Strike
2-1: Foul Ball, location: 2F
2-2: Foul Ball, location: 2F
2-2: Foul Ball, location: 2F
2-2: Ball
3-2: Strikes out looking
Bottom of the 3rd over - 0 run(s), 0 hit(s), 0 error(s), 0 left on base; So Cal 1 - Irvine 1
TOP OF THE 4TH
So Cal Henvy batting - Pitching for Irvine Gang Green : RHP Jung Chwa
Batting: SHB Miguel González 0-0: Called Strike
0-1: Foul Ball, location: 2F
0-2: Ball
1-2: Ball
2-2: Ball
3-2: Fly out, F9 (Flyball, 9D)
Batting: LHB César Valentín 0-0: Ball
1-0: Foul Ball, location: 2F
1-1: Ground out 4-3 (Groundball, 4)
Batting: RHB Earl Wiggins 0-0: Ball
1-0: Ball
2-0: Ball
3-0: Called Strike
3-1: Ground out 5-3 (Groundball, 56S)
Top of the 4th over - 0 run(s), 0 hit(s), 0 error(s), 0 left on base; So Cal 1 - Irvine 1
BOTTOM OF THE 4TH
Irvine Gang Green batting - Pitching for So Cal Henvy : RHP Marty Burgess
Batting: RHB José Salazar 0-0: Foul Ball, location: 2F
0-1: Ball
1-1: Ground out 5-3 (Groundball, 56)
Batting: RHB Tom Doherty 0-0: Ball
1-0: Ball
2-0: Foul Ball, location: 2F
2-1: Ground out 4-3 (Groundball, 4)
Batting: LHB Bill Murphy 0-0: Called Strike
0-1: DOUBLE (Line Drive, 89M) - OUT at third base trying to stretch hit.
Bottom of the 4th over - 0 run(s), 1 hit(s), 0 error(s), 0 left on base; So Cal 1 - Irvine 1
TOP OF THE 5TH
So Cal Henvy batting - Pitching for Irvine Gang Green : RHP Jung Chwa
Batting: LHB José Antonio Santiago 0-0: Fly out, F9 (Flyball, 9S)
Batting: RHB Rubén Calderón 0-0: Ball
1-0: Ball
2-0: Fly out, F9 (Flyball, 9S)
Batting: LHB Jeff Carter 0-0: Called Strike
0-1: Foul Ball, location: 2F
0-2: Foul Ball, location: 2F
0-2: Ball
1-2: Reached on error, E4 (Groundball, 4)
Batting: RHB Morgan Gibbon 0-0: Called Strike
0-1: Ground out 4-3 (Groundball, 4)
Top of the 5th over - 0 run(s), 0 hit(s), 1 error(s), 1 left on base; So Cal 1 - Irvine 1
BOTTOM OF THE 5TH
Irvine Gang Green batting - Pitching for So Cal Henvy : RHP Marty Burgess
Batting: LHB Víctor Quiñones 0-0: Called Strike
0-1: Ball
1-1: Swinging Strike
1-2: Strikes out swinging
Batting: LHB José Sánchez 0-0: Foul Ball, location: 2F
0-1: Foul Ball, location: 2F
0-2: Ball
1-2: Ground out 1-3 (Groundball, 13S)
Batting: LHB Jesús Campos 0-0: Ball
1-0: Ball
2-0: SINGLE (Groundball, 34S) (infield hit)
Batting: RHB Tyler Wagner 0-0: Called Strike
Jesús Campos steals 2nd base
0-1: Ball
1-1: Ball
2-1: Fly out, F7 (Line Drive, 7)
Bottom of the 5th over - 0 run(s), 1 hit(s), 0 error(s), 1 left on base; So Cal 1 - Irvine 1
TOP OF THE 6TH
So Cal Henvy batting - Pitching for Irvine Gang Green : RHP Jung Chwa
Batting: LHB Clinton Clark 0-0: Ball
1-0: Called Strike
1-1: Foul Ball, location: 2F
1-2: Ball
2-2: Foul Ball, location: 2F
2-2: DOUBLE (Groundball, 5L)
Batting: RHB Greg Handrahan 0-0: Swinging Strike
0-1: Ball
1-1: Fly out, F7 (Flyball, 78S)
Batting: SHB Miguel González 0-0: Ball
1-0: Ball
2-0: Called Strike
2-1: Ball
3-1: Called Strike
3-2: Foul Ball, location: 2F
3-2: Foul Ball, location: 2F
3-2: Fly out, F4 (Line Drive, 4)
Lined into DP, 4-6 (Line Drive, 4)
Top of the 6th over - 0 run(s), 1 hit(s), 0 error(s), 0 left on base; So Cal 1 - Irvine 1
BOTTOM OF THE 6TH
Irvine Gang Green batting - Pitching for So Cal Henvy : RHP Marty Burgess
Batting: LHB Jorge Martínez 0-0: Called Strike
0-1: Foul Ball, location: 2F
0-2: Ball
1-2: Ball
2-2: Ball
3-2: Foul Ball, location: 2F
3-2: Foul Ball, location: 2F
3-2: Strikes out swinging
Batting: RHB Buck Jones 0-0: Foul Ball, location: 2F
0-1: Ball
1-1: Fly out, F6 (Line Drive, 6)
Batting: RHB José Salazar 0-0: Ball
1-0: Ball
2-0: Foul Ball, location: 2F
2-1: Ball
3-1: Ground out 6-3 (Groundball, 6)
Bottom of the 6th over - 0 run(s), 0 hit(s), 0 error(s), 0 left on base; So Cal 1 - Irvine 1
TOP OF THE 7TH
So Cal Henvy batting - Pitching for Irvine Gang Green : RHP Jung Chwa
Batting: LHB César Valentín 0-0: SINGLE (Groundball, 56D)
Batting: RHB Earl Wiggins 0-0: Foul Ball, location: 2F
0-1: Ball
1-1: Swinging Strike
1-2: Ball
Wild Pitch!
César Valentín to second
2-2: SINGLE (Line Drive, 78S)
César Valentín to third
Batting: LHB José Antonio Santiago 0-0: Swinging Strike
0-1: Foul Ball, location: 2F
0-2: Foul Ball, location: 2F
0-2: Ball
1-2: Strikes out looking
Batting: RHB Rubén Calderón 0-0: Swinging Strike
0-1: Ball
1-1: SINGLE (Groundball, 56D)
César Valentín scores
Earl Wiggins to second
Batting: LHB Jeff Carter 0-0: Ball
1-0: Foul Ball, location: 2F
1-1: Ball
2-1: Foul Ball, location: 2F
2-2: Grounds into double play, 1-6-3 (Groundball, 13)
Top of the 7th over - 1 run(s), 3 hit(s), 0 error(s), 1 left on base; So Cal 2 - Irvine 1
BOTTOM OF THE 7TH
Irvine Gang Green batting - Pitching for So Cal Henvy : RHP Marty Burgess
Batting: RHB Tom Doherty 0-0: Ball
1-0: Fly out, F8 (Flyball, 89S)
Batting: LHB Bill Murphy 0-0: Called Strike
0-1: Ball
1-1: Foul Ball, location: 2F
1-2: Foul Ball, location: 2F
1-2: Foul Ball, location: 2F
1-2: Fly out, F3 (Popup, 3L)
Batting: LHB Víctor Quiñones 0-0: SINGLE (Groundball, 25) (infield hit)
Pitching: LHP Keith Swanson
Pinch Runner at 1st Tony Tavárez:
Pinch Hitting: RHB Eichiro Yamamoto 0-0: Ball
1-0: Ball
2-0: Called Strike
Tony Tavárez is caught stealing 2nd base
Bottom of the 7th over - 0 run(s), 1 hit(s), 0 error(s), 0 left on base; So Cal 2 - Irvine 1
TOP OF THE 8TH
So Cal Henvy batting - Pitching for Irvine Gang Green : RHP Jung Chwa
Now at 2B: Aaron Wilson
Now in CF: Tony Tavárez
Batting: RHB Morgan Gibbon 0-0: Called Strike
0-1: DOUBLE (Flyball, 9LM) - OUT at third base trying to stretch hit.
Batting: LHB Clinton Clark 0-0: Ground out 3-1 (Groundball, 34)
Batting: RHB Greg Handrahan 0-0: Ground out 4-3 (Groundball, 4M)
Top of the 8th over - 0 run(s), 1 hit(s), 0 error(s), 0 left on base; So Cal 2 - Irvine 1
BOTTOM OF THE 8TH
Irvine Gang Green batting - Pitching for So Cal Henvy : LHP Keith Swanson
Batting: RHB Aaron Wilson 0-0: Called Strike
0-1: Swinging Strike
0-2: DOUBLE (Line Drive, 8RD)
Batting: LHB Jesús Campos 0-0: Called Strike
0-1: Ball
1-1: Swinging Strike
1-2: Foul Ball, location: 2F
1-2: Fly out, F4 (Line Drive, 4M)
Pitching: RHP Masahiko Okada
Batting: RHB Tyler Wagner 0-0: Ball
1-0: Called Strike
1-1: Ground out 6-3 (Groundball, 56)
Pitching: LHP Stanley Inman
Batting: LHB Jorge Martínez 0-0: Ball
1-0: Foul Ball, location: 2F
1-1: Ball
2-1: Foul Ball, location: 2F
2-2: Foul Ball, location: 2F
2-2: Ball
3-2: Ground out U3 (Groundball, 3S)
Bottom of the 8th over - 0 run(s), 1 hit(s), 0 error(s), 1 left on base; So Cal 2 - Irvine 1
TOP OF THE 9TH
So Cal Henvy batting - Pitching for Irvine Gang Green : RHP Jung Chwa
Pitching: RHP Mike Fisher
Batting: SHB Miguel González 0-0: Ball
1-0: Called Strike
1-1: Called Strike
1-2: Foul Ball, location: 2F
1-2: Ball
2-2: Fly out, F7 (Flyball, 78S)
Pitching: LHP Yu-shu Kong
Batting: LHB César Valentín 0-0: Ball
1-0: Ball
2-0: Foul Ball, location: 2F
2-1: Ball
3-1: Fly out, F7 (Flyball, 7S)
Batting: RHB Earl Wiggins 0-0: Ball
1-0: Foul Ball, location: 2F
1-1: DOUBLE (Line Drive, 78D)
Pitching: LHP Santiago González
Batting: LHB José Antonio Santiago 0-0: Ground out 1-3 (Groundball, 13S)
Top of the 9th over - 0 run(s), 1 hit(s), 0 error(s), 1 left on base; So Cal 2 - Irvine 1
BOTTOM OF THE 9TH
Irvine Gang Green batting - Pitching for So Cal Henvy : LHP Stanley Inman
Pitching: RHP Jerry Good
Batting: RHB Buck Jones 0-0: Swinging Strike
0-1: Fly out, F4 (Popup, 34D)
Batting: RHB José Salazar 0-0: Ball
1-0: Ball
2-0: Ball
3-0: Base on Balls
Batting: RHB Tom Doherty 0-0: Ground out U3 (Groundball, 34S)
José Salazar to second
Batting: LHB Bill Murphy 0-0: Ball
1-0: Called Strike
1-1: Swinging Strike
1-2: Ball
2-2: Ball
3-2: Base on Balls
Batting: LHB Tony Tavárez 0-0: Ball
1-0: Called Strike
1-1: Fielders Choice at 2nd, 4-6 (Groundball, 4)
Bottom of the 9th over - 0 run(s), 0 hit(s), 0 error(s), 1 left on base; So Cal 2 - Irvine 1
Thursday, March 30th, 2017 - OOTP Baseball 17.12 Build 75